 Dungeon Crawl Stone Soup version 0.32-a0-19-g28bc0835a1 (webtiles) character file.

Game seed: 15043527849474222275

85914 shadizar the Fighter (level 16, -19/123 HPs)
             Began as a Djinni Conjurer on Jan 17, 2024.
             Was the Champion of Makhleb.
             Killed from afar by Jorgrun (61 damage)
             ... with an iron shot
             ... on level 2 of the Spider Nest.
             The game lasted 01:00:42 (23996 turns).

shadizar the Fighter (Djinni Conjurer)             Turns: 23996, Time: 01:00:43

Health: -19/123    AC: 15    Str:  6    XL:     16   Next: 32%
Gold:   2187       EV: 13    Int: 27    God:    Makhleb [******] SH: 14 Dex: 13

rFire   + + +        q - staff of alchemy
rCold   . . .        b - +2 kite shield
rNeg    . . .        u - +2 robe {rC+ rF+}
rPois   ∞            a - +1 helmet
rElec   .            h - +0 cloak
rCorr   +            F - +1 pair of gloves {hurl}
SInv    .            (boots unavailable)
Will    +....        p - amulet of regeneration
Stlth   ++           A - +4 ring of protection
HPRegen 1.20/turn    G - ring of resist corrosion
MPRegen 0.00/turn

%: infuse magic (-20 HP)
@: grasped by roots, flying, constricted
A: sickness immunity, fire resistance 2, cold vulnerability 1, float, innate
caster, HP casting, extra vitality 1
a: Renounce Religion, Minor Destruction, Lesser Servant of Makhleb, Major
Destruction, Greater Servant of Makhleb


You were on level 2 of the Spider Nest.
You worshipped Makhleb.
Makhleb was exalted by your worship.
You visited 5 branches of the dungeon, and saw 22 of its levels.

You collected 2449 gold pieces.
You spent 262 gold pieces at shops.

Inventory:

Hand Weapons
 y - the +1 whip of Sewal {freeze, ^Fragile rF+ Dex+5}
   (You found it on level 10 of the Dungeon)

   Dex+5:     It affects your dexterity (+5).
   rF+:       It protects you from fire.
   ^Fragile:  It will be destroyed if unequipped.
 I - the +2 hand axe of Kynteq {flame, Dex+4}
   (You found it on level 10 of the Dungeon)

   Dex+4:     It affects your dexterity (+4).
 Q - a +0 demon blade of electrocution
 U - the +4 trident of Enaxir {antimagic, rElec Will- Int+4 Dex+3}
   (You found it on level 5 of the Lair of Beasts)

   Int+4:     It affects your intelligence (+4).
   Dex+3:     It affects your dexterity (+3).
   rElec:     It insulates you from electricity.
   Will-:     It decreases your willpower.
Missiles
 H - a throwing net
Armour
 a - a +1 helmet (worn)
 b - a +2 kite shield (worn)
 h - a +0 cloak (worn)
 u - a +2 robe of resistance (worn)
 v - a +0 ring mail of poison resistance
 B - +0 steam dragon scales
 C - a +1 leather armour of fire resistance
 F - a +1 pair of gloves of hurling (worn)
Magical Staves
 q - a staff of alchemy (weapon)
 x - a staff of death
Jewellery
 l - a ring of ice
 p - an amulet of regeneration (around neck)
 A - a +4 ring of protection (left hand)
 G - a ring of resist corrosion (right hand)
 J - a +6 ring of strength
Wands
 j - a wand of digging (8)
 k - a wand of paralysis (39)
 w - a wand of roots (29)
 z - a wand of light (22)
 M - a wand of polymorph (4)
Scrolls
 d - 3 scrolls of fog
 m - 3 scrolls of teleportation
 s - 3 scrolls of poison
 D - 5 scrolls of enchant armour
 E - 3 scrolls of identify
 K - a scroll of fear
 O - 2 scrolls of blinking
 T - 2 scrolls of revelation
Potions
 c - 7 potions of brilliance
 e - 2 potions of cancellation
 f - 5 potions of curing
 g - 4 potions of haste
 i - 6 potions of might
 n - a potion of ambrosia
 o - 4 potions of resistance
 r - a potion of enlightenment
 t - 2 potions of heal wounds
 L - 2 potions of attraction
 P - a potion of invisibility
Miscellaneous
 R - a box of beasts


   Skills:
 + Level 14.2 Fighting
 + Level 9.2 Armour
 + Level 14.2 Dodging
 - Level 1.5 Stealth
 + Level 12.4 Shields
 * Level 11.5 Spellcasting
 * Level 11.5 Conjurations
 * Level 11.5 Hexes
   Level 0.0 Charms
 * Level 11.5 Summonings
 * Level 11.5 Necromancy
 * Level 11.5 Translocations
   Level 0.0 Transmutations
 * Level 11.5 Fire Magic
 * Level 11.5 Ice Magic
 * Level 11.5 Air Magic
 * Level 11.5 Earth Magic
 * Level 11.5 Alchemy


You knew the following spells:

 Your Spells              Type           Power      Damage    Failure   Level
a - Magic Dart            Conj           100%       1d8       1%          1
b - Searing Ray           Conj           100%       2d8       1%          2
c - Fulminant Prism       Conj/Alch      43%        3d19      1%          4
d - Iskenderun's Mystic   Conj/Tloc      67%        2d14      1%          4
e - Freeze                Ice            100%       1d10      1%          1
f - Call Imp              Summ           100%       N/A       1%          2
g - Static Discharge      Conj/Air       100%       3-8/arc   1%          2
h - Ozocubu's Armour      Ice            67%        N/A       1%          3
i - Ignite Poison         Fire/Alch      86%        N/A       1%          4
j - Curse of Agony        Necr           67%        N/A       3%          5
k - Sculpt Simulacrum     Ice/Alch       43%        N/A       17%         6
Your spell library was empty.

Dungeon Overview and Level Annotations

Branches:
Dungeon (12/15)            Temple (1/1) D:5            Lair (5/5) D:10
  Swamp (0/4) Lair:2       Spider (2/4) Lair:3        Slime (0/5) Lair:4
    Orc (2/2) D:11            Elf (0/3) Orc:2

Altars:
Ashenzari
Cheibriados
Dithmenos
Elyvilon
Fedhas
Gozag
Hepliaklqana
Makhleb
Nemelex Xobeh
Okawaru
Qazlal
Ru
Trog
Uskayaw
Wu Jian
Xom
Yredelemnul
Zin
The Shining One
Jiyva

Shops:
D:4 =   Orc:1 (   Orc:2 ([*((

Annotations:
D:6 1 runed translucent door
D:9 2 transporters, Flugslaktarn's ghost, novice MiFi
Lair:5 3 runed translucent doors, Axkuoc's ghost, journeyman FoFi
Spider:2 Donald; Jorgrun


Innate Abilities, Weirdness & Mutations

You are immune to sickness and miasma.
You are immune to poison.
Your flesh is very heat resistant. (rF++)
You are vulnerable to cold. (rC-)
You float through the air rather than walking.
You learn spells naturally, not from books.
Your magical power is your life essence.
You have superior vitality. (+4 MHP)


Message History

You hear a faint skittering sound.
Unknown command.
Unknown command.
Unknown command.
Unknown command.
Unknown command.
Unknown command.
Unknown command.
Unknown command.
Casting: Iskenderun's Mystic Blast (mildly dangerous; 1% risk of failure)
Confirm with . or Enter, or press ? or * to list all spells.
Aiming: Fulminant Prism (mildly dangerous; 1% risk of failure)
Press: ? - help, Dir - move target You feel a surge of power!
You conjure a prism of explosive energy!
A fulminant prism comes into view.
Jorgrun gestures at the rock wall while chanting.
Some rock shatters into small pieces.
The grasping roots constrict you! You block the tarantella's attack.
Unknown command.
Unknown command.
Unknown command.
Unknown command.
Casting: Fulminant Prism (mildly dangerous; 1% risk of failure)
Confirm with . or Enter, or press ? or * to list all spells.
You erupt in a blast of force!
The mystic blast hits the moth of wrath.
The moth of wrath is heavily wounded.
The moth of wrath is knocked back by the mystic blast.
The mystic blast hits the tarantella!!
The tarantella is almost dead.
The tarantella is knocked back by the mystic blast.
The mystic blast hits the wolf spider.
The wolf spider is almost dead.
The wolf spider is knocked back by the mystic blast.
The moth of wrath goads the tarantella on!
The tarantella goes berserk!
Jorgrun gestures at you while chanting. The iron shot hits you!!!
You die...

... ..s. ...
...
...$$..s......
.. ..
..#....s......
... .
^#>.......s
..#.... #.#
.#...#..
..#....
#^^s#....#..
#.....†.....
.#.#...s.......
#...^..@..y#
###..#....*..#
# ...........
#........g...
..............
#...#..s#......
.......y<......
.......#.......


You could see Jorgrun, 2 demonic crawlers, a wolf spider, 2 moths of wrath, an
orb spider (charged), a jumping spider, a tarantella (berserk) and a friendly
fulminant prism.

Vanquished Creatures
  Saint Roka (Orc:2)
  A dire elephant (Lair:5)
  Josephine (D:12)
  Harold (Lair:2)
  5 hydras
  A merfolk avatar (Lair:5)
  Erica (D:9)
  3 boulder beetles
  4 two-headed ogres
  12 death yaks (Lair:5)
  3 skysharks
  An orc high priest (Orc:1)
  A skeletal warrior (D:10)
  Lodul (D:11)
  2 orb spiders
  A harpy (Lair:5)
  3 deep elf pyromancers (D:12)
  An orc knight (Orc:2)
  2 manticores
  4 orc sorcerers
  A necromancer (D:10)
  6 wolf spiders
  A moth of wrath (Spider:1)
  13 elephants
  11 kobold blastminers (Orc:2)
  Joseph (D:9)
  3 black mambas
  9 cane toads
  Maggie (D:9)
  10 komodo dragons
  6 rime drakes
  5 polar bears
  Grinder (D:4)
  4 hornets
  10 trolls
  7 tarantellas
  A wind drake (Lair:5)
  A snapping turtle (Lair:5)
  18 blink frogs
  9 slime creatures (D:12)
  A shadow (D:12)
  6 meliai zombies (D:10)
  10 wraiths
  3 jumping spiders
  9 vampires
  4 culicivoras
  5 wyverns
  A basilisk (Lair:1)
  2 wargs (Orc:2)
  45 yaks
  2 steam dragons
  8 redbacks (Spider:1)
  4 vampire mosquitoes (D:11)
  14 water moccasins
  32 orc warriors
  4 sky beasts
  4 black bears
  2 ice beasts (D:7)
  17 ogres
  12 wolves (Lair:5)
  9 centaurs
  6 phantoms
  A weeping skull (D:4)
  8 bullfrogs
  A gnoll sergeant (D:10)
  5 scorpions
  11 wights
  26 killer bees
  2 howler monkeys
  3 hounds
  4 jellies
  20 orc priests
  A gnoll bouda (D:5)
  4 sleepcaps
  4 iguanas
  26 orc wizards
  2 hound zombies (D:3)
  Robin (D:4)
  A howler monkey skeleton (D:3)
  5 adders
  9 gnolls
  An adder zombie (D:3)
  An adder skeleton (D:3)
  4 dart slugs
  108 orcs
  8 ball pythons
  4 bats
  5 endoplasms
  A giant cockroach (D:1)
  14 hobgoblins
  6 jackals
  7 kobolds
  2 quokkas
  A ball python skeleton (D:3)
  2 ball python zombies (D:3)
  4 frilled lizards
  13 goblins
  A quokka skeleton (D:3)
  7 rats
  A spectral orc (D:4)
  18 fulminant prisms
709 creatures vanquished.

Vanquished Creatures (others)
  182 fulminant prisms
182 creatures vanquished.

Grand Total: 891 creatures vanquished

Notes
Turn   | Place    | Note
-------+----------+-------------------------------------------
     0 | D:1      | shadizar the Djinni Conjurer began the quest for the Orb.
     0 | D:1      | shadizar set off with the following spells memorised: Magic
                  | Dart, Searing Ray, Fulminant Prism, Iskenderun's Mystic
                  | Blast.
     0 | D:1      | Reached XP level 1. HP: 15/15 MP: 0/0
    97 | D:1      | Found a faded altar of an unknown god.
   134 | D:1      | Reached XP level 2. HP: 21/22 MP: 0/0
   300 | D:1      | Reached skill level 1 in Fighting
  1112 | D:2      | Reached XP level 3. HP: 19/27 MP: 0/0
  1112 | D:2      | Learned a level 1 spell: Freeze
  1555 | D:2      | Reached XP level 4. HP: 21/33 MP: 0/0
  2377 | D:3      | Noticed a phantom
  2382 | D:3      | Killed a phantom
  2383 | D:3      | Reached XP level 5. HP: 18/40 MP: 0/0
  2383 | D:3      | Learned a level 2 spell: Call Imp
  2567 | D:3      | Reached XP level 6. HP: 45/46 MP: 0/0
  2969 | D:4      | Noticed an ogre
  3261 | D:4      | Found Uwidgh's Jewellery Shoppe.
  3485 | D:4      | Noticed Robin
  3496 | D:4      | Killed Robin
  3643 | D:4      | Noticed a sky beast
  3653 | D:4      | Killed a sky beast
  3654 | D:4      | Reached skill level 5 in Spellcasting
  3654 | D:4      | Reached skill level 5 in Conjurations
  3654 | D:4      | Reached skill level 5 in Hexes
  3654 | D:4      | Reached skill level 5 in Summonings
  3654 | D:4      | Reached skill level 5 in Necromancy
  3654 | D:4      | Reached skill level 5 in Translocations
  3654 | D:4      | Reached skill level 5 in Fire Magic
  3654 | D:4      | Reached skill level 5 in Ice Magic
  3654 | D:4      | Reached skill level 5 in Air Magic
  3654 | D:4      | Reached skill level 5 in Earth Magic
  3654 | D:4      | Reached skill level 5 in Alchemy
  3654 | D:4      | Reached XP level 7. HP: 23/53 MP: 0/0
  3654 | D:4      | Learned a level 2 spell: Static Discharge
  3656 | D:4      | Noticed Grinder
  3682 | D:4      | Killed Grinder
  3683 | D:4      | Reached skill level 5 in Fighting
  3876 | D:4      | Reached XP level 8. HP: 41/61 MP: 0/0
  4209 | D:4      | Found a basalt altar of Yredelemnul.
  4443 | D:5      | Entered Level 5 of the Dungeon
  4955 | D:5      | Found a staircase to the Ecumenical Temple.
  4969 | Temple   | Entered the Ecumenical Temple
  5081 | D:5      | Reached XP level 9. HP: 57/68 MP: 0/0
  5081 | D:5      | Learned a level 3 spell: Ozocubu's Armour
  5667 | D:5      | Found a stormy altar of Qazlal.
  5951 | D:6      | Reached skill level 1 in Shields
  5953 | D:6      | Reached skill level 5 in Dodging
  6086 | D:6      | Found a shadowy altar of Dithmenos.
  6817 | D:6      | Found a runed translucent door.
  7250 | D:7      | Found a broken altar of Ashenzari.
  7251 | D:7      | Found a shimmering altar of Xom.
  7290 | D:7      | Found an opulent altar of Gozag.
  7291 | D:7      | Found a burning altar of Makhleb.
  7291 | D:7      | Found a white marble altar of Elyvilon.
  7292 | D:7      | Found an iron altar of Okawaru.
  7293 | D:7      | Found a blossoming altar of Fedhas.
  7294 | D:7      | Found a snail-covered altar of Cheibriados.
  7299 | D:7      | Became a worshipper of Makhleb the Destroyer
  7576 | D:7      | Reached XP level 10. HP: 72/76 MP: 0/0
  9247 | D:8      | Reached skill level 5 in Shields
  9303 | D:8      | Noticed a two-headed ogre
  9310 | D:8      | Killed a two-headed ogre
  9651 | D:8      | Found a sacrificial altar of Ru.
  9676 | D:8      | Reached * piety under Makhleb
  9874 | D:9      | Noticed Maggie
  9883 | D:9      | Killed Maggie
  9884 | D:9      | Reached XP level 11. HP: 49/84 MP: 0/0
  9884 | D:9      | Learned a level 4 spell: Ignite Poison
  9889 | D:9      | Noticed Joseph
  9895 | D:9      | Killed Joseph
 10137 | D:9      | Found a transporter.
 10140 | D:9      | Noticed Flugslaktarn's ghost (novice MiFi)
 10141 | D:9      | Found a transporter.
 10304 | D:9      | Reached ** piety under Makhleb
 10304 | D:9      | Noticed Erica
 10314 | D:9      | Killed Erica
 10799 | D:10     | Entered Level 10 of the Dungeon
 11037 | D:10     | Noticed a necromancer
 11040 | D:10     | Killed a necromancer
 11041 | D:10     | Reached skill level 10 in Fighting
 11205 | D:10     | Noticed an elephant
 11483 | D:10     | Identified the +1 whip of Sewal {freeze, ^Fragile rF+
                  | Dex+5}
 11603 | D:10     | Reached XP level 12. HP: 45/92 MP: 0/0
 11606 | D:10     | Reached *** piety under Makhleb
 11680 | D:10     | Identified the +2 hand axe of Kynteq {flame, Dex+4}
 12331 | D:10     | Found a staircase to the Lair.
 12780 | D:10     | Reached skill level 10 in Dodging
 13224 | D:10     | Noticed a skeletal warrior
 13231 | D:10     | Killed a skeletal warrior
 13891 | Lair:1   | Entered Level 1 of the Lair of Beasts
 14098 | Lair:1   | Reached **** piety under Makhleb
 14103 | Lair:1   | Reached skill level 1 in Armour
 14117 | Lair:1   | Reached XP level 13. HP: 63/99 MP: 0/0
 14117 | Lair:1   | Learned a level 5 spell: Curse of Agony
 15202 | Lair:2   | Found a staircase to the Swamp.
 15356 | Lair:2   | Noticed Harold
 15358 | Lair:2   | Paralysed by Harold for 2 turns
 15367 | Lair:2   | Killed Harold
 16542 | Lair:3   | Found a hole to the Spider Nest.
 16836 | Lair:4   | Noticed a four-headed hydra
 16844 | Lair:4   | Killed a four-headed hydra
 16847 | Lair:4   | Noticed a seven-headed hydra
 16854 | Lair:4   | Noticed an eight-headed hydra
 16859 | Lair:4   | Killed a seven-headed hydra
 16860 | Lair:4   | Killed an eight-headed hydra
 16861 | Lair:4   | Reached skill level 5 in Armour
 16861 | Lair:4   | Reached skill level 10 in Shields
 17552 | Lair:4   | Reached XP level 14. HP: 93/108 MP: 0/0
 17615 | Lair:4   | Found a staircase to the Slime Pits.
 17615 | Lair:4   | Found a viscous altar of Jiyva.
 18073 | Lair:5   | Entered Level 5 of the Lair of Beasts
 18073 | Lair:5   | Noticed a dire elephant
 18085 | Lair:5   | Reached ***** piety under Makhleb
 18097 | Lair:5   | Reached skill level 10 in Spellcasting
 18097 | Lair:5   | Reached skill level 10 in Conjurations
 18097 | Lair:5   | Reached skill level 10 in Hexes
 18097 | Lair:5   | Reached skill level 10 in Summonings
 18097 | Lair:5   | Reached skill level 10 in Necromancy
 18097 | Lair:5   | Reached skill level 10 in Translocations
 18097 | Lair:5   | Reached skill level 10 in Fire Magic
 18097 | Lair:5   | Reached skill level 10 in Ice Magic
 18097 | Lair:5   | Reached skill level 10 in Air Magic
 18097 | Lair:5   | Reached skill level 10 in Earth Magic
 18097 | Lair:5   | Reached skill level 10 in Alchemy
 18114 | Lair:5   | Killed a dire elephant
 18589 | Lair:5   | Reached XP level 15. HP: 101/115 MP: 0/0
 18589 | Lair:5   | Learned a level 6 spell: Sculpt Simulacrum
 18734 | Lair:5   | Noticed Axkuoc's ghost (journeyman FoFi)
 18838 | Lair:5   | Found a runed translucent gate.
 18838 | Lair:5   | Found a runed translucent gate.
 18839 | Lair:5   | Found a runed translucent gate.
 19191 | Lair:5   | Identified the +4 trident of Enaxir {antimagic, rElec Will-
                  | Int+4 Dex+3}
 19556 | D:11     | Noticed Lodul
 19562 | D:11     | Killed Lodul
 19694 | D:11     | Found a staircase to the Orcish Mines.
 19861 | D:11     | Reached ****** piety under Makhleb
 20505 | Orc:1    | Entered Level 1 of the Orcish Mines
 20507 | Orc:1    | Paralysed by an orc sorcerer for 2 turns
 20850 | Orc:1    | Found Lihalad's Antique Weapon Shop.
 20928 | Orc:2    | Entered Level 2 of the Orcish Mines
 21308 | Orc:2    | Noticed Saint Roka
 21340 | Orc:2    | Killed Saint Roka
 21410 | Orc:2    | Found Naxzif's Antique Armour Emporium.
 21414 | Orc:2    | Found Loifell's Antique Weapon Shoppe.
 21439 | Orc:2    | Bought a pair of embroidered gloves for 262 gold pieces
 21608 | Orc:2    | Found a staircase to the Elven Halls.
 21760 | Orc:2    | Found Kenageag's Antique Weapon Emporium.
 21902 | Orc:2    | Found Rogolojy's Antique Weapon Emporium.
 22094 | Orc:2    | Found Bituli's Assorted Antiques.
 22541 | D:12     | Noticed Josephine
 22551 | D:12     | Killed Josephine
 22552 | D:12     | Reached XP level 16. HP: 123/123 MP: 0/0
 23304 | Spider:1 | Entered Level 1 of the Spider Nest
 23855 | Spider:2 | Noticed Donald
 23987 | Spider:2 | Noticed Jorgrun
 23996 | Spider:2 | Killed from afar by Jorgrun

Illustrated notes

Levels and vault maps discovered:
D:1:      dpeg_arrival_signposts, layout_basic,
          shapermc_ecumenical_altar_mp_urbaneastern
D:2:      cheibrodos_greedy_goblins, layout_loops_ring, wad_woods_river_04
D:3:      layout_loops_ring, serial_undead, serial_undead_a, serial_undead_f,
          serial_undead_c, serial_undead_c, serial_undead_d, serial_undead_b,
          serial_undead_b, serial_undead_c, chequers_serial_rivers_large_a,
          minmay_misc_feat_columns, st_stairs_11
D:4:      layout_loops_ring, yredelemnul_forgotten_temple_becter, serial_shops,
          nicolae_shop_hallway_stairs, uniq_grinder, uniq_robin
D:5:      layout_basic, nicolae_qazlal_beasts_of_the_sky, temple_pool_b
D:6:      layout_basic, nicolae_dithmenos_through_a_glass_darkly,
          lightli_church_of_beogh
D:7:      layout_basic, minitemple
D:8:      layout_gridville, mainiacjoe_overflow_alcove_4
D:9:      layout_basic, gammafunk_ghost_arena, hangedman_decor_peaks_small,
          uniq_joseph, uniq_maggie, uniq_erica
D:10:     bobbens_index_wilting_gardens, layout_stronghold,
          grunt_lair_entry_orc_guard_hut, enter_bailey_2,
          eino_small_chamber_without_monster, hex_tiny, chequers_mini_garden
D:11:     layout_cave_pods, erik_orc_4, uniq_lodul
D:12:     layout_stronghold, uniq_josephine
Temple:   hellmonk_temple_of_storms
Lair:1:   layout_misc_corridors, grunt_megastairs_5, infiniplex_staircase_pool
Lair:2:   layout_concentric_octagons, swamp_mist, grunt_megastairs_1,
          uniq_harold
Lair:3:   layout_misc_corridors, dummy_spider_entry, grunt_megastairs_4
Lair:4:   layout_regular_city, slime_entry_1, dreamdust_mushroom_princess,
          infiniplex_staircase_pool_2
Lair:5:   gammafunk_lair_ancient_temple, layout_misc_corridors,
          gammafunk_ghost_split
Spider:1: layout_spider_delve
Spider:2: layout_spider_delve, uniq_roxanne, uniq_jorgrun, uniq_donald
Orc:1:    layout_diamond_mine, serial_shops, nicolae_square_shop
Orc:2:    grunt_orc_community_town_hall, layout_caves,
          grunt_orc_community_big_house_2, grunt_orc_community_big_house_1,
          grunt_orc_community_house_2, grunt_orc_community_house_2,
          grunt_orc_community_house_2, grunt_orc_community_house_3,
          grunt_orc_community_house_2, grunt_orc_community_house_2,
          serial_shops, shop

Skill      XL: |  1  2  3  4  5  6  7  8  9 10 11 12 13 14 15 16 |
---------------+-------------------------------------------------+-----
Fighting       | 1 2 3 4 5 7 8 9 10 11 12 13 14 | 14.2
Spellcasting   | 4 5 6 7 8 9 10 11 | 11.5
Conjurations   | 4 5 6 7 8 9 10 11 | 11.5
Hexes          | 4 5 6 7 8 9 10 11 | 11.5
Summonings     | 4 5 6 7 8 9 10 11 | 11.5
Necromancy     | 4 5 6 7 8 9 10 11 | 11.5
Translocations | 4 5 6 7 8 9 10 11 | 11.5
Fire Magic     | 4 5 6 7 8 9 10 11 | 11.5
Ice Magic      | 4 5 6 7 8 9 10 11 | 11.5
Air Magic      | 4 5 6 7 8 9 10 11 | 11.5
Earth Magic    | 4 5 6 7 8 9 10 11 | 11.5
Alchemy        | 4 5 6 7 8 9 10 11 | 11.5
Dodging        | 4 6 7 9 10 12 13 14 | 14.2
Shields        | 3 5 7 8 10 11 12 | 12.4
Armour         | 2 5 7 8 9 |  9.2
Stealth        | |  1.5

Action                     |  1- 3 |  4- 6 |  7- 9 | 10-12 | 13-15 | 16-18 || total
---------------------------+-------+-------+-------+-------+-------+-------++-------
  Melee: Staff             |       |    13 |     7 |    10 |    24 |     3 ||    57
   Cast: Magic Dart        |    53 |    85 |    95 |    21 |       |       ||   254
         Searing Ray       |     1 |    54 |   122 |   130 |     3 |       ||   310
         Freeze            |       |       |     5 |     1 |       |       ||     6
         Static Discharge  |       |       |     4 |    25 |     6 |       ||    35
         Fulminant Prism   |       |       |       |   105 |    86 |    10 ||   201
         Iskenderun's Myst |       |       |       |    85 |   427 |    78 ||   590
         Call Imp          |       |       |       |     1 |     1 |       ||     2
         Curse of Agony    |       |       |       |       |     2 |       ||     2
         Ozocubu's Armour  |       |       |       |       |     1 |       ||     1
    Use: Potion            |       |       |     4 |       |     4 |       ||     8
         Scroll            |       |       |    16 |     1 |    10 |       ||    27
 Armour: Robe              |     5 |    36 |    60 |   178 |   140 |    23 ||   442
  Dodge: Dodged            |     7 |    35 |    46 |   110 |   109 |    20 ||   327
  Block: Buckler           |       |       |       |    33 |       |       ||    33
         Kite shield       |       |       |       |     3 |   168 |    34 ||   205

Table legend: (Time is in decaauts)
 A = Elapsed time spent in this place.
 B = Non-inter-level travel time spent in this place.
 C = Inter-level travel time spent in this place.
 D = Time resting spent in this place.
 E = Time spent auto-exploring this place.
 F = Levels seen in this place.
 G = Mean time per level.
                   A        B        C        D        E       F      G
               +--------+--------+--------+--------+--------+-----+--------+
         Total |  24024 |  23220 |    804 |      0 |  18331 |  22 | 1092.0 |
       Dungeon |  15864 |  15362 |    502 |      0 |  12321 |  12 | 1322.0 |
        Temple |     66 |     66 |      0 |      0 |      5 |   1 |   66.0 |
          Lair |   5694 |   5482 |    212 |      0 |   4581 |   5 | 1138.8 |
   Spider Nest |    692 |    657 |     35 |      0 |    409 |   2 |  346.0 |
  Orcish Mines |   1706 |   1652 |     54 |      0 |   1015 |   2 |  853.0 |
               +--------+--------+--------+--------+--------+-----+--------+

Top non-repeatable levels by time:
    D:10: 2608 daAuts
     D:4: 1750 daAuts
     D:7: 1518 daAuts
     D:9: 1495 daAuts
     D:8: 1448 daAuts
  Lair:4: 1447 daAuts
   Orc:2: 1264 daAuts
  Lair:5: 1228 daAuts
  Lair:1: 1081 daAuts
     D:3: 1059 daAuts
     D:6: 1040 daAuts
     D:1: 1025 daAuts
  Lair:2: 1011 daAuts
    D:11: 1004 daAuts
     D:5: 1000 daAuts
